 Dungeon Crawl Stone Soup version 0.30-a0-772-g5528072125 (webtiles) character file.

Game seed: 5905400133152154625

570591 Leeroy the Swordmaster (level 26, -11/125 (127) HPs)
             Began as a Vine Stalker Warper on Feb 12, 2023.
             Was the Champion of Wu Jian.
             Mangled by a death scarab (19 damage)
             ... summoned by a royal mummy
             ... on level 2 of the Tomb of the Ancients.
             The game lasted 02:34:31 (58469 turns).

Leeroy the Swordmaster (Vine Stalker Warper)       Turns: 58469, Time: 02:34:32

HP:   -11/125 (127) AC: 26    Str: 18    XL:     26   Next: 95%
MP:   0/52          EV: 35    Int: 19    God:    Wu Jian [******]
Gold: 1422          SH:  0    Dex: 35    Spells: 5/55 levels left

rFire   + + +      SeeInvis .    N - +7 demon blade (flame)
rCold   . . .      Faith    .    (no shield)
rNeg    + . .      Spirit   +    y - +8 ice dragon scales
rPois   .          Reflect  .    b - +5 hat of Patience {rF+ rN+ MP+9 Dex-5}
rElec   .          Harm     .    r - +2 cloak {rF+}
rCorr   .          Rampage  .    B - +2 pair of gloves {Dex+3}
Will    ++++.                    (no boots)
Stlth   ++                       K - amulet "Vuymos" {RegenMP rF+ rC- Regen+ Stlth+}
HPRegen 2.00/turn                Z - ring "Tupt" {Fire Drain Dex+9}
MPRegen 0.73/turn                V - ring of Suspicion {Will+ Str+3 Int+6 Dex+3}

@: marked, slowed, studying Short Blades, lightly drained, very slow
A: fangs 3, regeneration 1, magic shield, antimagic bite, no potion heal 2,
deformed body, frail 1, MP-powered wands
}: 3/15 runes: decaying, serpentine, silver
a: Renounce Religion, Wall Jump, Serpent's Lash, Heavenly Storm


You were on level 2 of the Tomb of the Ancients.
You worshipped Wu Jian.
Wu Jian was exalted by your worship.
You visited 12 branches of the dungeon, and saw 48 of its levels.
You visited the Abyss 2 times.
You visited 1 bazaar.
You also visited: Bailey, Ice Cave and Volcano.

You collected 6346 gold pieces.
You spent 4924 gold pieces at shops.

Inventory:

Hand Weapons
 q - the +11 plutonium sword {Contam Stlth-}
   (You took it off a deep elf death mage on level 3 of the Elven Halls)

   Contam:    It causes magical contamination when unequipped.
   Stlth:     It makes you less stealthy.
 N - a +7 demon blade of flaming (weapon)
 R - a +4 triple sword of draining
 T - the +12 pair of quick blades "Gyre" and "Gimble" {protect}
   (You bought it in a shop on level 5 of the Dungeon)
Missiles
 d - 7 boomerangs of dispersal
 v - 5 throwing nets (quivered)
 E - 6 silver javelins
Armour
 b - the +5 hat of Patience (worn) {rF+ rN+ MP+9 Dex-5}
   (You bought it in a shop on level 2 of the Orcish Mines)

   Dex:       It affects your dexterity (-5).
   rF:        It protects you from fire.
   rN:        It protects you from negative energy.
   MP:        It affects your magic capacity (+9).
 r - a +2 cloak of fire resistance (worn)
 y - +8 ice dragon scales (worn)
 B - a +2 pair of gloves of dexterity (worn)
 D - the +2 cloak of Wagemomu {+Blink Str+8 Int-4 Dex+4}
   (You found it on level 5 of the Vaults)

   Str:       It affects your strength (+8).
   Int:       It affects your intelligence (-4).
   Dex:       It affects your dexterity (+4).
   +Blink:    It lets you blink.
Jewellery
 c - a +4 ring of slaying
 e - the ring of Epsioled {rElec EV+5}
   (You found it on level 2 of the Depths)

   [ring of evasion]

   EV:        It affects your evasion (+5).
   rElec:     It insulates you from electricity.
 i - the ring of the Bull {Fly rC+ Dex+3}
   (You took it off a deep elf demonologist on level 3 of the Elven Halls)

   [ring of protection from cold]

   Dex:       It affects your dexterity (+3).
   rC:        It protects you from cold.
   Fly:       It grants you flight.
 j - a ring of magical power
 m - the ring of Mesuf {Ice rPois Slay+2}
   (You took it off Josephina on level 2 of the Crypt)

   [ring of ice]

   It enhances your ice magic.
   Slay:      It affects your accuracy & damage with ranged weapons and melee
   (+2).
   rF:        It makes you vulnerable to fire.
   rC:        It protects you from cold.
   rPois:     It protects you from poison.
 K - the amulet "Vuymos" (around neck) {RegenMP rF+ rC- Regen+ Stlth+}
   (You found it on level 5 of the Lair of Beasts)

   [amulet of magic regeneration]

   It increases your rate of magic regeneration.
   rF:        It protects you from fire.
   rC:        It makes you vulnerable to cold.
   Regen:     It increases your rate of health regeneration.
   Stlth:     It makes you more stealthy.
 O - the ring "Jiosun" {Wiz rF+ rC+ Dex+2}
   (You took it off a deep elf elementalist on level 3 of the Elven Halls)

   [ring of wizardry]

   It improves your spell success rate.
   Dex:       It affects your dexterity (+2).
   rF:        It protects you from fire.
   rC:        It protects you from cold.
 V - the ring of Suspicion (right hand) {Will+ Str+3 Int+6 Dex+3}
   (You found it on level 3 of the Crypt)

   [ring of intelligence]

   Str:       It affects your strength (+3).
   Int:       It affects your intelligence (+6).
   Dex:       It affects your dexterity (+3).
   Will:      It increases your willpower.
 Z - the ring "Tupt" (left hand) {Fire Drain Dex+9}
   (You bought it in a shop on level 3 of the Snake Pit)

   [ring of fire]

   It enhances your fire magic.
   Dex:       It affects your dexterity (+9).
   rF:        It protects you from fire.
   rC:        It makes you vulnerable to cold.
   Drain:     It drains your maximum health when unequipped.
Wands
 l - a wand of flame (39)
 F - a wand of mindburst (11)
 G - a wand of iceblast (41)
 M - a wand of polymorph (62)
 P - a wand of charming (38)
 W - a wand of quicksilver (36)
Scrolls
 f - 12 scrolls of fog
 g - 21 scrolls of teleportation
 k - 3 scrolls of brand weapon
 C - 2 scrolls of summoning
 I - 17 scrolls of poison
 J - a scroll of silence
 X - 5 scrolls of blinking
 Y - 5 scrolls of magic mapping
Potions
 a - 2 potions of cancellation
 h - 2 potions of flight
 o - 18 potions of mutation
 p - 10 potions of invisibility
 s - 4 potions of haste
 t - 7 potions of brilliance
 w - 18 potions of curing
 x - 6 potions of might
 H - 11 potions of magic
 L - 4 potions of lignification
 Q - 4 potions of resistance
 S - 4 potions of ambrosia
 U - 4 potions of berserk rage
Miscellaneous
 n - a condenser vane
 u - a phantom mirror
 z - a phial of floods
 A - a tin of tremorstones (2/2)


   Skills:
 - Level 16.0 Fighting
 O Level 27 Long Blades
 - Level 0.8 Throwing
 - Level 6.0 Armour
 + Level 24.1 Dodging
 - Level 0.7 Shields
 - Level 15.0 Spellcasting
 - Level 9.0 Translocations


You had 5 spell levels left.
You knew the following spells:

 Your Spells              Type           Power      Damage    Failure   Level
a - Blink                 Tloc           96%        N/A       1%          2
b - Vhi's Electric Charg  Tloc/Air       62%        N/A       8%          3
c - Manifold Assault      Tloc           48%        N/A       3%          4
d - Freezing Cloud        Conj/Ice/Air   7%         6-21      99%         5
e - Kindle Blastsparks    Fire/Tloc/Air  76%        2d16      14%         3
f - Confusing Touch       Hex            14%        N/A       43%         3
g - Slow                  Hex            56%        N/A       16%         1
h - Teleport Other        Tloc           48%        N/A       1%          3
i - Hailstorm             Conj/Ice       14%        3d5       43%         3
j - Dazzling Flash        Conj/Hex       28%        N/A       43%         3
k - Iskenderun's Mystic   Conj/Tloc      31%        2d8       24%         4
l - Passage of Golubria   Tloc           48%        N/A       3%          4
m - Tukima's Dance        Hex            14%        N/A       43%         3
n - Ozocubu's Armour      Ice            14%        N/A       43%         3
o - Dispersal             Tloc           24%        N/A       50%         6

Your spell library contained the following spells:

 Spells                   Type           Power      Damage    Failure   Level
 Apportation              Tloc           96%        N/A       1%          1
 Lesser Beckoning         Tloc           96%        N/A       1%          2
 Momentum Strike          Conj/Tloc      62%        3d9       3%          2
 Foxfire                  Conj/Fire      84%        2x1d8     16%         1
 Freeze                   Ice            56%        1d7       16%         1
 Necrotise                Necr           56%        1d6       16%         1
 Summon Small Mammal      Summ           56%        N/A       16%         1
 Cigotuvi's Dreadful Rot  Necr/Pois/Air  28%        N/A       24%         2
 Static Discharge         Conj/Air       28%        2-4/arc   24%         2
 Frozen Ramparts          Ice            28%        1d5       43%         3
 Ignite Poison            Fire/Tmut/Pois 21%        N/A       43%         3
 Vampiric Draining        Necr           14%        2d7       43%         3
 Animate Dead             Necr           14%        N/A       83%         4
 Dispel Undead            Necr           14%        3d10      83%         4
 Fulminant Prism          Conj/Hex       7%         3d7       83%         4
 Ice Form                 Ice/Tmut       14%        N/A       83%         4
 Summon Ice Beast         Ice/Summ       14%        N/A       83%         4
 Summon Lightning Spire   Summ/Air       14%        N/A       83%         4
 Agony                    Necr           14%        N/A       99%         5
 Arcjolt                  Conj/Air       7%         1d17      99%         5
 Fireball                 Conj/Fire      10%        3d6       99%         5
 Lee's Rapid Deconstruct  Erth           7%         3d6*      99%         5
 Lightning Bolt           Conj/Air       7%         1d19      99%         5
 Metabolic Englaciation   Hex/Ice        7%         N/A       99%         5
 Silence                  Hex/Air        7%         N/A       99%         5
 Summon Mana Viper        Hex/Summ       14%        N/A       99%         5
 Conjure Ball Lightning   Conj/Air       7%         3x3d6     100%        6
 Death Channel            Necr           7%         N/A       100%        6
 Eringya's Noxious Bog    Tmut/Pois      7%         N/A       100%        6
 Simulacrum               Ice/Necr       7%         N/A       100%        6
 Starburst                Conj/Fire      10%        6d5       100%        6
 Statue Form              Tmut/Erth      9%         N/A       100%        6
 Haunt                    Necr/Summ      7%         N/A       100%        7
 Malign Gateway           Summ/Tloc      15%        N/A       100%        7
 Monstrous Menagerie      Summ           7%         N/A       100%        7
 Ozocubu's Refrigeration  Ice            7%         4d9       100%        7
 Borgnjor's Revivificati  Necr           7%         N/A       100%        8
 Discord                  Hex            7%         N/A       100%        8
 Disjunction              Tloc           24%        N/A       100%        8
 Lehudib's Crystal Spear  Conj/Erth      7%         10d3      100%        8
 Maxwell's Capacitive Co  Air            7%         ∞         100%        8
 Necromutation            Tmut/Necr      7%         N/A       100%        8
 Summon Horrible Things   Summ           7%         N/A       100%        8
 Death's Door             Necr           7%         N/A       100%        9


Dungeon Overview and Level Annotations

Branches:
Dungeon (15/15)            Temple (1/1) D:7            Lair (5/5) D:8
  Swamp (4/4) Lair:2        Snake (4/4) Lair:2        Slime (1/5) Lair:5
    Orc (2/2) D:12            Elf (3/3) Orc:2        Vaults (5/5) D:14
  Crypt (3/3) Vaults:3       Tomb (2/3) Crypt:3      Depths (3/4) D:15
 Bailey (visited)           IceCv (visited)         Volcano (visited)

Altars:
Ashenzari
Cheibriados
Dithmenos
Elyvilon
Fedhas
Gozag
Hepliaklqana
Kikubaaqudgha
Makhleb
Nemelex Xobeh
Okawaru
Qazlal
Ru
Sif Muna
Trog
Uskayaw
Vehumet
Wu Jian
Xom
Yredelemnul
Zin
The Shining One
Jiyva

Shops:
D:4 [[=*=   D:5 (*=*   D:7 *   D:9 [   D:13 (   D:15 *   Orc:2 *:[
Snake:3 !:=:   Vaults:1 (:*   Vaults:4 *   Vaults:5 ??(

Portals:
Hell: Depths:1 Depths:2
Abyss: D:9 Depths:1
Pandemonium: Depths:1 Depths:2
Ziggurat: Depths:1

Annotations:
Orc:1 1 runed translucent door
Vaults:1 3 runed translucent doors, exclusion: obsidian statue, Aram's ghost, adept AtMo
Tomb:1 exclusion: obsidian statue
Depths:1 1 transporter
Depths:3 Mara; Xtahua


Innate Abilities, Weirdness & Mutations

You have razor-sharp teeth.
Your natural rate of healing is unusually fast.
When hurt, damage is shared between your health and your magic reserves.
Your bite disrupts and absorbs the magic of your enemies.
Potions cannot restore your health.
Armour fits poorly on your strangely shaped body.
You are frail. (-10% HP)
You expend magic power (3 MP) to strengthen your wands.


Message History

* * * LOW HITPOINT WARNING * * *
The emperor scorpion convulses!
A mummy comes into view.
The emperor scorpion attacks as you move away!
The emperor scorpion misses you. The emperor scorpion claws you!
* * * LOW HITPOINT WARNING * * *
The emperor scorpion misses you. The death scarab misses you.
The death scarab completely misses you.
The royal mummy calls on the powers of darkness!
The emperor scorpion convulses! x3; Your body is wracked with pain!
* * * LOW HITPOINT WARNING * * *
The emperor scorpion closely misses you.
The emperor scorpion claws you but does no damage.
The emperor scorpion completely misses you.
There is an open door here.
The death scarab bites you!
* * * LOW HITPOINT WARNING * * *
The death scarab drains your vigour!
You feel as though you will be slow longer.
The death scarab draws strength from your injuries!
The royal mummy calls on the powers of darkness!
The emperor scorpion convulses! x2; Your body is wracked with pain!
* * * LOW HITPOINT WARNING * * *
The emperor scorpion closely misses you. x2
The emperor scorpion completely misses you.
The royal mummy casts a spell at you. Something smites you!
* * * LOW HITPOINT WARNING * * *
You closely miss the emperor scorpion.
You bite the emperor scorpion, but do no damage.
The emperor scorpion is almost dead.
The emperor scorpion stings you.
The emperor scorpion closely misses you.
The emperor scorpion claws you but does no damage.
You slice the emperor scorpion!! You burn the emperor scorpion.
You kill the emperor scorpion!
The emperor scorpion's corpse disappears in a puff of smoke!
The death scarab bites you but does no damage.
The death scarab bites you!!
You die...

######### ........#
......^.# ....^...#
........# ..^....@#
#######B#########
......MBL........
........sMs......
.........s.....^.
.....####.....M.(
##
.....Mss°###...###.
.$....MBM...###....
.
......BBB..##.##M.
..


You could see a royal mummy, 2 emperor scorpions, a lich, a guardian mummy and 2
death scarabs.

Vanquished Creatures
  3 dread liches
  Mennas (Vaults:5)
  2 royal mummies (Tomb:1)
  Josephina (Crypt:2)
  Bai Suzhen (Vaults:2)
  Vashnia (Snake:2)
  Nikola (Snake:4)
  Jory (Vaults:3)
  4 golden dragons
  3 doom hounds
  3 bone dragons
  A Tzitzimitl (Crypt:1)
  3 hellephants (Depths:1)
  2 walking crystal tomes
  Rupert (D:12)
  A shard shrike skeleton (Crypt:3)
  3 tentacled monstrosities
  Zenata (Vaults:2)
  5 liches
  5 deep elf blademasters
  A walking divine tome (Depths:1)
  A deep elf master archer (Elf:3)
  Grunn (Crypt:2)
  5 ancient champions (Crypt:3)
  5 titans
  A quicksilver dragon (Vaults:5)
  Gastronok (D:12)
  A tentacled starspawn (Abyss:2)
  4 tengu reavers
  12 sphinxes
  Donald (Orc:2)
  A storm dragon (Depths:1)
  6 shadow dragons
  5 nagarajas (Snake:4)
  4 revenants
  2 azure jellies
  3 iron dragons
  8 fire giants
  20 vault wardens
  9 deep elf sorcerers
  Louise (D:15)
  9 frost giants
  Aizul (Snake:1)
  A caustic shrike zombie (Crypt:1)
  6 deep elf elementalists (Elf:3)
  6 ghouls
  A curse skull (Crypt:3)
  The ghost of Jacimip the Whirler, a journeyman HaHu of Okawaru (Swamp:3)
  21 ironbound preservers
  2 caustic shrike skeletons (Crypt:3)
  A cacodemon (Depths:1)
  3 reapers
  2 orc warlords
  3 war gargoyles
  11 stone giants
  A juggernaut skeleton (Crypt:3)
  18 very ugly things
  11 ironbound thunderhulks
  9 vampire knights
  4 starflowers (Abyss:2)
  8 eleionomae
  7 deep elf demonologists
  6 dire elephants (Vaults:1)
  8 deep elf annihilators
  2 bennus (Tomb:1)
  10 spark wasps
  Azrael (Elf:2)
  6 bunyips
  Snorg (D:13)
  9 eidola
  12 deep elf death magi
  21 ettins
  3 mummy priests (Tomb:1)
  3 entropy weavers
  A shambling mangrove (Swamp:3)
  An ice dragon (shapeshifter) (Vaults:5)
  6 jiangshi
  7 fire dragons
  8 great orbs of eyes
  35 vault guards
  17 yaktaur captains
  11 hydras
  11 deep elf high priests
  A quicksilver dragon skeleton (Crypt:2)
  A spriggan zombie (Crypt:2)
  A fenstrider witch zombie (Crypt:1)
  5 ice dragons
  3 ghost crabs
  Harold (D:11)
  2 spriggan air magi
  2 peacekeepers
  A rakshasa (Depths:1)
  A catoblepas (Lair:3)
  2 ogre magi
  5 salamander tyrants
  9 spriggan skeletons
  7 two-headed ogres
  8 ironbound frosthearts
  13 centaur warriors
  14 anacondas
  4 death knights
  A satyr (shapeshifter) (Elf:3)
  2 boulder beetles
  7 alligators
  5 death scarabs
  15 naga warriors
  36 dancing weapons
  A tengu warrior (D:15)
  A deep troll shaman (Depths:2)
  A death yak (shapeshifter) (Vaults:5)
  10 hell hogs (Depths:1)
  5 vampire magi
  15 death yaks (Lair:5)
  A titan zombie (Crypt:2)
  4 deep troll earth magi
  19 deep elf knights
  A quicksilver ooze zombie (Crypt:3)
  2 thrashing horrors
  18 naga sharpshooters
  6 shock serpents
  5 soul eaters
  An orc high priest (Orc:1)
  2 storm dragon zombies
  21 spriggans
  13 spriggan berserkers
  The ghost of Gruesome the Covert, a novice OpBr of Hepliaklqana (D:9)
  A hell knight (Depths:2)
  2 titan skeletons
  4 iron trolls
  2 shadow wraiths
  2 wretched stars (Abyss:2)
  3 salamander mystics
  A spark wasp zombie (D:15)
  A quicksilver dragon simulacrum (Crypt:2)
  53 skeletal warriors
  A spriggan druid (Swamp:1)
  A bunyip zombie (Crypt:3)
  51 deep trolls
  4 swamp dragons
  A golden dragon zombie (D:15)
  A storm dragon skeleton (Crypt:2)
  5 goliath frogs
  2 glowing orange brains
  An anaconda zombie (Crypt:2)
  A glowing orange brain (shapeshifter) (Depths:1)
  18 deep elf archers
  17 ironbound convokers
  7 flayed ghosts
  An iron giant skeleton (Crypt:3)
  3 wizards
  2 bunyip skeletons
  4 naga ritualists (Snake:4)
  An obsidian statue (D:12)
  8 bog bodies
  33 deep elf zephyrmancers
  A shadow dragon zombie (Vaults:4)
  15 harpies
  20 lindwurms
  30 deep elf pyromancers
  An anaconda skeleton (Tomb:1)
  2 wolf spider zombies (D:15)
  A shining eye (shapeshifter) (Vaults:5)
  33 ugly things
  8 orc knights
  3 golden dragon skeletons (Crypt:3)
  18 phantasmal warriors
  9 orc sorcerers
  5 manticores
  A tengu zombie (Crypt:3)
  2 mana vipers
  A cyclops (shapeshifter) (Vaults:5)
  A stone giant zombie (D:15)
  A will-o-the-wisp (Swamp:3)
  10 necromancers
  A salamander (shapeshifter) (Abyss:2)
  17 salamanders
  2 cyclopes
  A moth of wrath (shapeshifter) (Depths:2)
  An eleionoma skeleton (Crypt:1)
  An iron dragon skeleton (Crypt:3)
  A worldbinder (Abyss:2)
  A toenail golem (D:9)
  A tengu skeleton (Crypt:1)
  A black mamba (shapeshifter) (Elf:1)
  16 centaur zombies
  12 elephants
  4 gargoyles
  A fire giant skeleton (D:15)
  22 black mambas
  5 guardian serpents
  21 vault sentinels
  9 naga magi
  A storm dragon simulacrum (Crypt:2)
  A torpor snail (shapeshifter) (Depths:2)
  14 cane toads
  2 ice statues (IceCv)
  A death yak zombie (Crypt:3)
  5 rime drakes
  2 naga skeletons (Crypt:3)
  4 centaur skeletons (Crypt:3)
  7 komodo dragons
  2 efreet
  A dire elephant skeleton (Crypt:1)
  11 freezing wraiths
  8 guardian mummies
  A yaktaur (shapeshifter) (D:14)
  42 yaktaurs
  A tengu conjurer (D:15)
  3 kobold demonologists
  A pale draconian skeleton (Crypt:1)
  A red devil (Depths:1)
  A redback zombie (D:15)
  5 polar bears
  A green draconian skeleton (Crypt:1)
  2 hellwings
  A minotaur skeleton (Crypt:3)
  2 hydra zombies
  10 trolls
  12 blink frogs
  3 tyrant leeches
  2 raiju
  14 hornets
  A hydra skeleton (Crypt:3)
  A culicivora zombie (Crypt:3)
  6 harpy skeletons (Crypt:3)
  A draconian simulacrum (Crypt:2)
  A satyr zombie (Crypt:2)
  31 flying skulls
  53 slime creatures
  A culicivora (Vaults:5)
  8 water elementals
  6 air elementals
  A slime creature (shapeshifter) (Vaults:4)
  3 vampires
  A ynoxinul (Vaults:4)
  An alligator skeleton (Crypt:2)
  9 wraiths
  67 yaks
  An ettin skeleton (Crypt:3)
  8 shadows
  An elf zombie (Vaults:2)
  3 wyverns
  3 humans
  5 basilisks
  A black mamba skeleton (Crypt:3)
  4 fire elementals (Elf:2)
  2 redbacks (Vaults:2)
  5 steam dragons
  3 swamp worm simulacra (Swamp:4)
  2 death yak simulacra
  A neqoxec (D:9)
  10 wargs
  25 swamp worms
  Edmund (D:6)
  2 harpy simulacra
  A swamp worm (shapeshifter) (Vaults:5)
  2 acid dragons
  A naga zombie (Crypt:3)
  A water nymph zombie (Crypt:2)
  A two-headed ogre zombie (Crypt:3)
  11 hydra simulacra (Swamp:4)
  27 nagas
  18 water moccasins
  4 hell hounds
  4 floating eyes (Elf:2)
  A hornet zombie (D:15)
  4 ice beasts
  A sky beast (D:7)
  2 ettin simulacra
  5 swamp drakes
  32 orc warriors
  2 black bears
  8 ogres
  15 boggarts
  32 wolves
  2 human skeletons
  10 centaurs
  4 kobold brigands
  A rime drake skeleton (Crypt:2)
  A komodo dragon skeleton (Crypt:3)
  2 necrophages (Crypt:2)
  5 bullfrogs
  3 earth elementals
  A scorpion (D:7)
  2 cane toad simulacra (IceCv)
  13 wights
  A shapeshifter zombie (Crypt:1)
  9 killer bees
  2 elephant simulacra
  A raiju skeleton (Crypt:1)
  2 electric eels
  A howler monkey (D:8)
  A bullfrog zombie (Crypt:3)
  A crimson imp (D:4)
  A quasit (D:6)
  3 small abominations (Abyss:2)
  10 orc priests
  2 hounds (D:5)
  5 boggart zombies
  A bullfrog skeleton (Crypt:2)
  5 hell rats (Lair:5)
  5 iguanas
  44 orc wizards
  2 spriggan simulacra (D:12)
  A polar bear simulacrum (IceCv)
  A deep dwarf skeleton (Crypt:1)
  20 mummies
  7 gnolls
  A howler monkey skeleton (Crypt:3)
  7 adders
  4 naga simulacra (D:12)
  4 shadow imps
  8 white imps
  4 ufetubi
  5 swamp drake simulacra (Swamp:4)
  2 worms (D:2)
  A dart slug (D:5)
  119 orcs
  7 bats
  A bat skeleton (Crypt:2)
  6 endoplasms
  4 giant cockroaches (D:1)
  3 goblins
  11 hobgoblins
  13 jackals
  5 quokkas
  4 ball pythons
  4 frilled lizards
  A hobgoblin zombie (Crypt:3)
  A jackal skeleton (Crypt:1)
  20 kobolds
  10 rats
  2 starspawn tentacles (Abyss:2)
2240 creatures vanquished.

Vanquished Creatures (others)
  2 fire giants (Depths:1)
  A deep elf high priest (Elf:3)
  A ghost crab (Swamp:4)
  A deep elf archer (Elf:3)
  2 wizards
  An ugly thing (IceCv)
  4 bloated husks
  An orc warrior (Vaults:5)
  2 orcs
  A kobold (D:11)
  A demonic plant (D:6)
  9 fungi
  64 plants
  6 withered plants
96 creatures vanquished.

Grand Total: 2336 creatures vanquished

Notes
Turn   | Place    | Note
-------+----------+-------------------------------------------
     0 | D:1      | Leeroy the Vine Stalker Warper began the quest for the Orb.
     0 | D:1      | Reached XP level 1. HP: 11/11 MP: 4/4
    69 | D:1      | Reached skill level 2 in Long Blades
   213 | D:1      | Reached XP level 2. HP: 14/15 MP: 4/6
   657 | D:1      | Reached skill level 3 in Long Blades
   945 | D:2      | Reached XP level 3. HP: 16/18 MP: 5/7
  1205 | D:2      | Gained mutation: Your natural rate of healing is unusually
                  | fast. [Vine Stalker growth]
  1205 | D:2      | Reached XP level 4. HP: 23/23 MP: 8/8
  1285 | D:2      | Reached skill level 4 in Long Blades
  1848 | D:3      | Learned a level 2 spell: Blink
  1852 | D:3      | Learned a level 3 spell: Vhi's Electric Charge
  2202 | D:2      | Reached XP level 5. HP: 24/26 MP: 7/9
  2426 | D:2      | Reached skill level 5 in Long Blades
  2949 | D:4      | Reached XP level 6. HP: 14/30 MP: 4/10
  3070 | D:4      | Found Fayn's General Store.
  3189 | D:4      | Found Azythosk's Armour Boutique.
  3305 | D:4      | Bought a +0 pair of gloves of dexterity for 161 gold pieces
  3384 | D:4      | Found Hyuffugg's Jewellery Shop.
  3411 | D:4      | Found Feroleh's Jewellery Boutique.
  3546 | D:4      | Found a burning altar of Makhleb.
  3547 | D:4      | Found a radiant altar of Vehumet.
  3561 | D:4      | Reached skill level 6 in Long Blades
  3631 | D:4      | Found Niucuy's Antique Armour Emporium.
  3772 | D:5      | Entered Level 5 of the Dungeon
  3959 | D:5      | Found Visy's Jewellery Emporium.
  3962 | D:5      | Found Xeiheeshri's Antique Weapon Emporium.
  3966 | D:5      | Noticed an ice beast
  4002 | D:5      | Killed an ice beast
  4003 | D:5      | Reached XP level 7. HP: 12/34 MP: 1/11
  4171 | D:5      | Found Xopevud's General Store.
  4202 | D:5      | Found Vatiege's General Store.
  4316 | D:5      | Found a glowing silver altar of Zin.
  4843 | D:6      | Found a shimmering blue altar of Sif Muna.
  4971 | D:6      | Noticed Edmund
  4985 | D:6      | Killed Edmund
  4986 | D:6      | Reached skill level 5 in Dodging
  4986 | D:6      | Gained mutation: You have razor-sharp teeth. [Vine Stalker
                  | growth]
  4986 | D:6      | Reached XP level 8. HP: 32/38 MP: 12/12
  5018 | D:6      | Found a bloodstained altar of Trog.
  5566 | D:6      | Found an iron altar of Okawaru.
  5874 | D:7      | Found Ibeoruseun's Lightly-Used Armoury.
  5887 | D:7      | Bought a -3 demon blade for 1 gold piece
  5991 | D:7      | Found a staircase to the Ecumenical Temple.
  6077 | Temple   | Entered the Ecumenical Temple
  6240 | Temple   | Became a worshipper of the Wu Jian Council
  6943 | D:8      | Reached skill level 7 in Long Blades
  6943 | D:8      | Reached XP level 9. HP: 39/42 MP: 13/13
  7294 | D:8      | Reached skill level 8 in Long Blades
  7521 | D:8      | Reached skill level 9 in Long Blades
  7821 | D:7      | Bought a -2 quick blade for 70 gold pieces
  7999 | D:8      | Found a basalt altar of Yredelemnul.
  8214 | D:7      | Reached skill level 10 in Long Blades
  8249 | D:8      | Reached * piety under Wu Jian
  8254 | D:8      | Found a staircase to the Lair.
  8429 | D:8      | Learned a level 4 spell: Manifold Assault
  8437 | D:8      | Reached XP level 10. HP: 46/46 MP: 14/14
  8514 | D:8      | Found a white marble altar of Elyvilon.
  8599 | D:9      | Found a one-way gate to the infinite horrors of the Abyss.
  8599 | D:9      | Noticed Gruesome's ghost (novice OpBr)
  8602 | D:9      | Noticed a manticore
  8604 | D:9      | Noticed a thrashing horror
  8604 | D:9      | Noticed a toenail golem
  8659 | D:9      | Noticed a two-headed ogre
  8856 | D:8      | Reached skill level 11 in Long Blades
  9035 | D:9      | Found Odudwias's Armour Emporium.
  9074 | D:9      | Found a transporter.
  9082 | D:9      | Killed a manticore
  9114 | D:9      | Identified a scroll of acquirement
  9121 | D:9      | Acquired a manual of Spellcasting
  9258 | D:9      | Noticed a gargoyle
  9314 | Lair:1   | Entered Level 1 of the Lair of Beasts
  9375 | Lair:1   | Noticed a black mamba
  9429 | Lair:1   | Reached skill level 12 in Long Blades
 10132 | D:8      | Reached skill level 5 in Spellcasting
 10158 | D:10     | Entered Level 10 of the Dungeon
 10250 | D:10     | Found a sparkling altar of Nemelex Xobeh.
 10250 | D:10     | Found a glowing golden altar of the Shining One.
 10285 | D:10     | Noticed a two-headed ogre
 10297 | D:10     | Found a flagged portal.
 10307 | Bailey   | Entered a bailey
 10363 | Bailey   | Reached XP level 11. HP: 33/50 MP: 13/23
 10528 | Bailey   | Reached ** piety under Wu Jian
 10577 | Bailey   | Noticed an orc knight
 10859 | Bailey   | Killed an orc knight
 10860 | Bailey   | Reached skill level 10 in Spellcasting
 11002 | Bailey   | Reached XP level 12. HP: 65/65 MP: 27/27
 11101 | D:9      | Found a transporter.
 11124 | D:9      | Killed a two-headed ogre
 11924 | D:10     | Learned a level 5 spell: Freezing Cloud
 11927 | D:10     | Killed a two-headed ogre
 12102 | D:10     | Learned a level 3 spell: Kindle Blastsparks
 12294 | D:11     | Noticed Harold
 12686 | D:11     | Reached *** piety under Wu Jian
 12754 | D:11     | Killed Harold
 12755 | D:11     | Reached skill level 13 in Long Blades
 12922 | D:11     | Reached XP level 13. HP: 69/69 MP: 31/31
 13463 | D:12     | Noticed Gastronok
 13610 | D:12     | Killed Gastronok
 13611 | D:12     | Reached skill level 14 in Long Blades
 13673 | D:12     | Found a frozen archway.
 13722 | IceCv    | Entered an ice cave
 13730 | IceCv    | Reached **** piety under Wu Jian
 13791 | IceCv    | Found a transporter.
 13817 | IceCv    | Found a transporter.
 13917 | IceCv    | Identified the +4 broad axe of the Doomed Warrior {venom,
                  | Dex+4 Stlth+}
 14024 | D:12     | Reached skill level 15 in Long Blades
 14348 | D:12     | Noticed Rupert
 14883 | Lair:1   | Learned a level 3 spell: Confusing Touch
 14885 | Lair:1   | Learned a level 1 spell: Slow
 15360 | Lair:2   | Reached skill level 16 in Long Blades
 15493 | Lair:2   | Found a staircase to the Snake Pit.
 15529 | Lair:2   | Reached XP level 14. HP: 75/75 MP: 32/32
 15562 | Lair:2   | Reached ***** piety under Wu Jian
 15763 | Lair:2   | Reached skill level 10 in Fighting
 15806 | Lair:2   | Found a staircase to the Swamp.
 16487 | Lair:3   | Identified the +2 ring mail of the Elephant {rElec}
 16614 | Lair:3   | You fall into a shaft and drop 2 floors!
 16614 | Lair:5   | Entered Level 5 of the Lair of Beasts
 16784 | Lair:5   | Found a dark tunnel.
 16873 | Lair:5   | Reached skill level 1 in Armour
 16927 | Volcano  | Entered a volcano
 17223 | Volcano  | Reached XP level 15. HP: 84/84 MP: 33/33
 17278 | Volcano  | Learned a level 3 spell: Teleport Other
 17394 | Lair:5   | Found a viscous altar of Jiyva.
 17394 | Lair:5   | Found a staircase to the Slime Pits.
 17454 | Lair:5   | Reached skill level 5 in Armour
 17716 | Lair:5   | Reached XP level 16. HP: 59/88 MP: 34/34
 17870 | Lair:5   | Paralysed by a hornet for 1 turns
 18413 | Lair:5   | Identified the amulet "Vuymos" {RegenMP rF+ rC- Regen+
                  | Stlth+}
 18753 | Lair:4   | Reached ****** piety under Wu Jian
 19717 | Snake:1  | Entered Level 1 of the Snake Pit
 19745 | Snake:1  | Noticed Aizul
 20113 | Swamp:1  | Entered Level 1 of the Swamp
 20365 | Snake:1  | Killed Aizul
 20366 | Snake:1  | Reached skill level 10 in Dodging
 21402 | Snake:2  | Found a bloodstained altar of Trog.
 21403 | Snake:2  | Noticed Vashnia
 21704 | Snake:2  | Learned a level 3 spell: Hailstorm
 23010 | Snake:3  | Found Gigulyu's Book Emporium.
 23010 | Snake:3  | Found Bisaek's Jewellery Boutique.
 23037 | Snake:3  | Found Ylek's Book Emporium.
 23044 | Snake:3  | Bought the ring "Tupt" {Fire Drain Dex+9} for 588 gold
                  | pieces
 23508 | Snake:3  | Found Kupnizil's Distillery.
 23516 | Snake:3  | Bought a potion of curing for 42 gold pieces
 23516 | Snake:3  | Bought a potion of resistance for 140 gold pieces
 23516 | Snake:3  | Bought a potion of resistance for 140 gold pieces
 24002 | Snake:4  | Entered Level 4 of the Snake Pit
 24102 | Snake:4  | Reached XP level 17. HP: 93/93 MP: 35/35
 24114 | Snake:4  | Noticed Nikola
 24939 | D:12     | Found a staircase to the Orcish Mines.
 24978 | D:12     | Learned a level 3 spell: Dazzling Flash
 24983 | D:12     | Learned a level 4 spell: Iskenderun's Mystic Blast
 24989 | Orc:1    | Entered Level 1 of the Orcish Mines
 25259 | Orc:1    | Found a runed translucent door.
 25564 | Orc:2    | Entered Level 2 of the Orcish Mines
 25637 | Orc:2    | Found a staircase to the Elven Halls.
 25754 | Orc:2    | Noticed Donald
 25789 | Orc:2    | Killed Donald
 26065 | Orc:2    | Found Istraut's Book Shoppe.
 26065 | Orc:2    | Found Edeuquil's Assorted Antiques.
 26144 | Orc:2    | Found Fines's Weapon Shoppe.
 26144 | Orc:2    | Found Bestios's Antique Armour Shop.
 26156 | Orc:2    | Bought a transparent hat for 279 gold pieces
 26156 | Orc:2    | Identified the +5 hat of Patience {rF+ rN+ MP+9 Dex-5} (You
                  | bought it in a shop on level 2 of the Orcish Mines)
 26160 | Orc:2    | Bought a glowing helmet for 232 gold pieces
 26516 | Elf:1    | Entered Level 1 of the Elven Halls
 27196 | Elf:1    | Noticed a Hell Sentinel
 27196 | Abyss:2  | Cast into level 2 of the Abyss (a deep elf demonologist)
 27290 | Abyss:2  | Noticed a tentacled starspawn
 27295 | Abyss:2  | Killed a tentacled starspawn
 27366 | Elf:1    | Escaped the Abyss
 27646 | Elf:2    | Reached skill level 15 in Dodging
 28060 | Elf:2    | Paralysed by a floating eye for 2 turns
 28068 | Elf:2    | Paralysed by a floating eye for 2 turns
 28079 | Elf:2    | Paralysed by a floating eye for 4 turns
 28084 | Elf:2    | Reached XP level 18. HP: 64/98 MP: 36/36
 28095 | Elf:2    | Paralysed by an air elemental for 1 turns
 28102 | Elf:2    | Identified the amulet "Jaamose" {Acrobat Int+6}
 28325 | Elf:2    | Found a runed translucent gate.
 28325 | Elf:2    | Found a runed translucent gate.
 28326 | Elf:2    | Found a runed translucent gate.
 28412 | Elf:3    | Entered Level 3 of the Elven Halls
 28844 | Elf:3    | Noticed a Tzitzimitl
 28856 | Elf:3    | Noticed a deep elf blademaster
 28857 | Elf:3    | Noticed a deep elf blademaster
 29063 | Elf:2    | Noticed Azrael
 29105 | Elf:2    | Killed Azrael
 29387 | Elf:2    | Noticed a deep elf blademaster
 29528 | Elf:2    | Killed a deep elf blademaster
 29885 | Elf:3    | Killed a deep elf blademaster
 30353 | Elf:3    | Noticed a deep elf master archer
 30575 | Elf:3    | Learned a level 4 spell: Passage of Golubria
 30601 | Elf:3    | Killed a deep elf master archer
 30647 | Elf:3    | Killed a deep elf blademaster
 31472 | Elf:3    | Reached XP level 19. HP: 80/106 MP: 38/38
 31750 | Elf:3    | Identified the +0 buckler of Indomitability {rElec Str-3
                  | Int+2 SInv}
 31787 | Elf:3    | Identified the ring of the Bull {Fly rC+ Dex+3}
 32204 | Elf:3    | Identified the ring "Jiosun" {Wiz rF+ rC+ Dex+2}
 32348 | Elf:3    | Reached skill level 17 in Long Blades
 32529 | Elf:3    | Identified the +9 dagger of Ityjail {pain, Will+ Str+3
                  | Int+3}
 33871 | Elf:3    | Identified the +2 flail of Sloth {heavy, rPois}
 34652 | Elf:3    | Identified the +6 great mace "Muahol" {elec, rF+ rN+ rCorr
                  | Str-3}
 34752 | Elf:3    | Reached skill level 18 in Long Blades
 34758 | Elf:3    | Found the +3 giant club "Skullcrusher" {speed, Str+7}
 34762 | Elf:3    | Got Lixua's Parchment of Poisoning and the Deep Freeze
 34781 | Elf:3    | Got the Guidebook on the Salvo
 35292 | D:5      | Bought the +12 pair of quick blades "Gyre" and "Gimble"
                  | {protect} for 1190 gold pieces
 35292 | D:5      | Found the +12 pair of quick blades "Gyre" and "Gimble"
                  | {protect}
 35571 | D:13     | Noticed Snorg
 35586 | D:13     | Killed Snorg
 35711 | D:13     | Found Ywinnoko's Antique Weapon Emporium.
 36541 | D:14     | Found a stormy altar of Qazlal.
 36592 | D:14     | Reached skill level 19 in Long Blades
 36758 | D:14     | Found a gate to the Vaults.
 36797 | D:15     | Entered Level 15 of the Dungeon
 36832 | D:15     | Noticed Louise
 36951 | D:15     | Found a basalt altar of Yredelemnul.
 37052 | D:15     | Found a staircase to the Depths.
 37081 | D:15     | Reached XP level 20. HP: 94/111 MP: 39/39
 37126 | D:15     | Found Okamashre's Assorted Antiques.
 37172 | D:15     | Bought a potion of haste for 400 gold pieces
 37280 | D:15     | Killed Louise
 37631 | Depths:1 | Entered Level 1 of the Depths
 37707 | Depths:1 | Found a one-way gateway to a ziggurat.
 37724 | Depths:1 | Reached skill level 20 in Long Blades
 37736 | Depths:1 | Found a sacrificial altar of Ru.
 37750 | Depths:1 | Found a flickering gateway to a bazaar.
 37774 | Bazaar   | Entered a bazaar
 37781 | Bazaar   | Found Ligedwi's Jewellery Shop.
 37795 | Bazaar   | Found Koig's Weapon Boutique.
 37809 | Bazaar   | Found Cahat's Weapon Shop.
 37837 | Bazaar   | Found Wosuaqin's Magic Scroll Shop.
 37845 | Bazaar   | Bought a scroll of teleportation for 27 gold pieces
 37845 | Bazaar   | Bought a scroll of teleportation for 27 gold pieces
 37845 | Bazaar   | Bought a scroll of magic mapping for 67 gold pieces
 37845 | Bazaar   | Bought a scroll of teleportation for 27 gold pieces
 37851 | Bazaar   | Found Hanaabor's Jewellery Boutique.
 38159 | Depths:1 | Noticed a golden dragon
 38271 | Depths:1 | Killed a golden dragon
 38364 | Depths:1 | Identified the +7 giant club of the Ancients {pain, SInv
                  | Stlth+}
 38457 | Depths:1 | Found a transporter.
 38800 | Depths:1 | Found a one-way gate leading to the halls of Pandemonium.
 38959 | Depths:1 | Found a gateway to Hell.
 38959 | Depths:1 | Noticed a hellephant
 38959 | Depths:1 | Noticed a hellephant
 38959 | Depths:1 | Noticed a hellephant
 39093 | Depths:1 | Killed a hellephant
 39094 | Depths:1 | Reached skill level 21 in Long Blades
 39117 | Depths:1 | Killed a hellephant
 39121 | Depths:1 | Killed a hellephant
 39727 | Depths:2 | Noticed a golden dragon
 39738 | Depths:2 | Killed a golden dragon
 39818 | Depths:2 | Reached skill level 22 in Long Blades
 39818 | Depths:2 | Reached XP level 21. HP: 115/115 MP: 40/40
 39875 | Depths:2 | Got the Exposition on Enchantment
 39954 | Depths:2 | Found the +10 tower shield of Ignorance {rN+ Int-4}
 40276 | Depths:2 | Identified the ring of Epsioled {rElec EV+5}
 40502 | Depths:2 | Reached skill level 15 in Fighting
 40621 | Depths:3 | Noticed Mara
 40727 | Depths:3 | Noticed Xtahua
 40885 | D:12     | Killed Rupert
 41308 | D:9      | Killed Gruesome's ghost
 41578 | Snake:2  | Killed Vashnia
 41753 | Snake:4  | Killed Nikola
 42133 | Snake:4  | HP: 5/119 [poisoned by a naga ritualist (toxic radiance)]
 42230 | Snake:4  | Got a serpentine rune of Zot
 42345 | Snake:4  | Reached skill level 23 in Long Blades
 43189 | Swamp:1  | Reached XP level 22. HP: 124/124 MP: 41/41
 43737 | Swamp:1  | Learned a level 3 spell: Tukima's Dance
 43741 | Swamp:1  | Learned a level 3 spell: Ozocubu's Armour
 44578 | Swamp:3  | Reached skill level 24 in Long Blades
 44752 | Swamp:3  | Found a runed translucent gate.
 44752 | Swamp:3  | Found a runed translucent gate.
 44753 | Swamp:3  | Found a runed translucent gate.
 44753 | Swamp:3  | Noticed Jacimip's ghost (journeyman HaHu)
 44780 | Swamp:3  | Killed Jacimip's ghost
 44789 | Swamp:3  | Identified the +5 war axe "Kekuapt" {holy, rF++ Dex+3}
 44830 | Swamp:4  | Entered Level 4 of the Swamp
 45020 | Swamp:4  | Got a decaying rune of Zot
 45706 | Slime:1  | Entered Level 1 of the Pits of Slime
 46059 | Vaults:1 | Entered Level 1 of the Vaults
 46528 | Vaults:1 | Reached skill level 25 in Long Blades
 46681 | Vaults:1 | Found Sivyix's Book Emporium.
 46686 | Vaults:1 | Bought a book of Chaos for 550 gold pieces
 46720 | Vaults:1 | Found a runed translucent gate.
 46720 | Vaults:1 | Found a runed translucent gate.
 46720 | Vaults:1 | Found a runed translucent gate.
 46720 | Vaults:1 | Found an opulent altar of Gozag.
 46721 | Vaults:1 | Noticed Aram's ghost (adept AtMo)
 46777 | Vaults:1 | Identified the +1 trident of Equivalence {vamp, rPois rF+}
 46822 | Vaults:1 | Found Paofua's Weapon Shoppe.
 46961 | Vaults:1 | Reached XP level 23. HP: 122/127 MP: 42/42
 47315 | Vaults:1 | Found Arab's Assorted Antiques.
 47371 | Vaults:2 | Noticed Bai Suzhen
 47393 | Vaults:2 | Killed Bai Suzhen
 47886 | Vaults:2 | Reached skill level 26 in Long Blades
 47955 | Vaults:2 | Noticed Zenata
 47973 | Vaults:2 | Killed Zenata
 48216 | Vaults:2 | You are sucked into a shaft and drop 2 floors!
 48842 | Abyss:2  | Cast into level 2 of the Abyss (a wizard)
 48943 | Abyss:2  | Gained mutation: You occasionally shout uncontrollably at
                  | your foes. [a neqoxec]
 48944 | Vaults:4 | Escaped the Abyss
 48952 | Vaults:4 | Reached skill level 27 in Long Blades
 49004 | Vaults:4 | Found Ifoc's General Store.
 49012 | Vaults:4 | Bought a wand of quicksilver (5) for 357 gold pieces
 49497 | Vaults:5 | Entered Level 5 of the Vaults
 49595 | Vaults:4 | Reached skill level 15 in Spellcasting
 49595 | Vaults:4 | Reached XP level 24. HP: 67/133 MP: 43/43
 50002 | Vaults:5 | Noticed a dread lich
 50173 | Vaults:5 | Noticed Mennas
 50176 | Vaults:5 | Killed a dread lich
 50181 | Vaults:5 | Found Jenacw's Magic Scroll Boutique.
 50181 | Vaults:5 | Found Valacuuc's Magic Scroll Shoppe.
 50229 | Vaults:5 | Killed Mennas
 50324 | Vaults:5 | Got the Codex of the Welkin
 50350 | Vaults:5 | Found Jeetigau's Antique Weapon Emporium.
 50370 | Vaults:5 | Identified the +2 cloak of Wagemomu {+Blink Str+8 Int-4
                  | Dex+4}
 50439 | Vaults:5 | Found the +9 sword of Zonguldrok {reap}
 50548 | Vaults:5 | Bought 2 scrolls of blinking for 345 gold pieces
 50548 | Vaults:5 | Bought a scroll of fog for 92 gold pieces
 50548 | Vaults:5 | Bought a scroll of fog for 92 gold pieces
 50604 | Vaults:5 | Bought a scroll of blinking for 97 gold pieces
 50768 | Vaults:5 | Identified the +2 whip of the Baking Fox {freeze, Dex+3}
 50867 | Vaults:5 | Gained mutation: Your magical capacity is low. (-10% MP) [a
                  | shining eye]
 50879 | Vaults:5 | Lost mutation: You occasionally shout uncontrollably at
                  | your foes. [potion of mutation]
 50879 | Vaults:5 | Lost mutation: Your magical capacity is low. (-10% MP)
                  | [potion of mutation]
 50879 | Vaults:5 | Gained mutation: You are frail. (-10% HP) [potion of
                  | mutation]
 50879 | Vaults:5 | Gained mutation: Armour fits poorly on your strangely
                  | shaped body. [potion of mutation]
 50879 | Vaults:5 | Gained mutation: You expend magic power (3 MP) to
                  | strengthen your wands. [potion of mutation]
 50986 | Vaults:5 | Identified the +5 mace of Dissatisfaction {freeze, rPois}
 50986 | Vaults:5 | Identified the +0 robe of Freedom {Dex+3}
 51187 | Vaults:5 | Identified the +4 war axe of the Rescuing Fulmar {heavy,
                  | Contam rElec Int+2}
 51410 | Vaults:5 | Noticed a dread lich
 51423 | Vaults:5 | Killed a dread lich
 51424 | Vaults:5 | Reached XP level 25. HP: 123/123 MP: 43/43
 51507 | Vaults:5 | Got a silver rune of Zot
 51524 | Vaults:5 | Got the Handbook of the Icicle
 51818 | Vaults:3 | Noticed Jory
 51839 | Vaults:3 | Killed Jory
 52414 | Vaults:3 | Found a staircase to the Crypt.
 52414 | Vaults:3 | Found an ancient bone altar of Kikubaaqudgha.
 52414 | Vaults:3 | Found a basalt altar of Yredelemnul.
 52585 | Vaults:3 | Identified the +11 glaive of Vanity {protect, +Blink rC+}
 53556 | Crypt:1  | Entered Level 1 of the Crypt
 53729 | Crypt:1  | Identified the amulet "Bopn" {Regen+ rCorr Int-4 SInv}
 54454 | Crypt:2  | Noticed Grunn
 54954 | Crypt:2  | Killed Grunn
 55264 | Crypt:2  | Identified the +9 halberd "Biav" {freeze, Str-2 Int-4 Dex+5
                  | SInv}
 55275 | Crypt:2  | Identified the ring of Mesuf {Ice rPois Slay+2}
 55275 | Crypt:2  | Noticed Josephina
 55281 | Crypt:2  | Killed Josephina
 55286 | Crypt:2  | Reached XP level 26. HP: 112/127 MP: 43/43
 55933 | Crypt:3  | Entered Level 3 of the Crypt
 56520 | Crypt:3  | Found an ancient bone altar of Kikubaaqudgha.
 56766 | Crypt:3  | Got Tecos's Atlas of Bodies
 56877 | Crypt:3  | Noticed a dread lich
 56895 | Crypt:3  | Killed a dread lich
 56910 | Crypt:3  | Identified the ring of Suspicion {Will+ Str+3 Int+6 Dex+3}
 56945 | Crypt:3  | Got Progressing With Hermeneutics
 56955 | Crypt:3  | Learned a level 6 spell: Dispersal
 57301 | Crypt:3  | Found a staircase to the Tomb.
 57570 | Tomb:1   | Entered Level 1 of the Tomb of the Ancients
 57824 | Tomb:1   | Identified the +3 sling of the Six Invaders {freeze, rC+
                  | Dex+2}
 57941 | Tomb:1   | Noticed a royal mummy
 57941 | Tomb:1   | Noticed a royal mummy
 57953 | Tomb:1   | Killed a royal mummy
 57958 | Tomb:1   | Killed a royal mummy
 58444 | Tomb:2   | Noticed a royal mummy
 58444 | Tomb:2   | Noticed a royal mummy
 58467 | Tomb:2   | HP: 4/125 [royal mummy/divine providence (7)]
 58469 | Tomb:2   | Mangled by a death scarab

Illustrated notes

Levels and vault maps discovered:
D:1:      nzn_arrival_settlement, layout_basic, st_stairs_7, minmay_pentomino_x2
D:2:      wad_river_or_something, layout_basic, corexii_leaking_fountain,
          lightli_corner_chamber
D:3:      layout_loops_ring, hex_tiny
D:4:      cheibrodos_quashed, layout_basic,
          grunt_temple_overflow_lords_of_destruction, serial_shops,
          kennysheep_mini, shop, shop, shop_statue,
          nicolae_shop_advertising_works [nicolae_subvault_shop_adworks],
          minivault_1, chequers_jeans, kennysheep_generic_room_15
D:5:      layout_loops_ring, zin_academy, serial_shops, shop,
          nicolae_shop_temple_entry_statues_fountains, nicolae_shop_statue_plus,
          nicolae_shop_trees, chequers_hall_statues_wall_a,
          minmay_misc_feat_enclosed
D:6:      layout_loops_ring, lemuel_round_altar, lemuel_tele_altar, bloody_trog,
          serial_demonic, serial_demonic_f, serial_demonic_f, serial_demonic_g,
          serial_demonic_e, serial_demonic_c, serial_demonic_c,
          serial_demonic_c, minmay_holes, uniq_edmund
D:7:      layout_loops_cross, temple_doors_ab, minmay_shop_damaged
D:8:      layout_loops_cross, kennysheep_ying_yang, erik_lair_orcish_takeover,
          st_stairs_8, minmay_quadrilaterals
D:9:      layout_irregular_city, serial_shops, nicolae_shop_waterfront,
          gammafunk_ghost_abyssal_escape
D:10:     layout_basic, mainiacjoe_overflow_divided_tiny, enter_bailey_2
D:11:     layout_small_grid, minmay_circle_x, uniq_harold
D:12:     layout_long_grid, david_orc_5, portal_ice_cave_entry_ice_simulacra,
          serial_undead, serial_undead_b, serial_undead_f, serial_undead_c,
          serial_undead_f, serial_undead_f, serial_undead_d, minivault_16,
          minmay_strange_pillars, uniq_rupert, uniq_gastronok
D:13:     layout_cave_pools, serial_shops, nicolae_shop_statue_plus, uniq_snorg
D:14:     layout_cross, grunt_vaults_entry_fortified,
          nicolae_qazlal_general_emergency, hangedman_decor_slide_cut
D:15:     gammafunk_depths_entry_grave, layout_irregular_city,
          serial_bayou_ford_a, serial_column_ruins,
          column_ruins_corridor_straight, column_ruins_columns_water,
          column_ruins_open_tiny, column_ruins_columns_dead_end,
          column_ruins_corridor_dead_end, column_ruins_columns_corner,
          column_ruins_open_small, serial_shops,
          nicolae_shop_temple_entry_statues_fountains,
          dreamdust_princess_corridor, nicolae_yredelemnul_corpse_copse,
          uniq_louise
Temple:   hellmonk_temple_flake
Lair:1:   layout_hall_layers, grunt_megastairs_5, serial_bayou_shore_b,
          serial_bayou_shore_b
Lair:2:   layout_misc_corridors, palyth_hydra_swamp_entry,
          minmay_snake_entry_guardpost_small, gauntlet_entry_generic
Lair:3:   layout_cave_pods
Lair:4:   layout_concentric_octagons
Lair:5:   minmay_lair_end_enchanted_forest, layout_small_grid,
          dpeg_slime_entry_enclosed, nicolae_volcano_entry_two_sided,
          serial_bayou_lagoon_a
Swamp:1:  layout_basic_swamp, serial_swamp_ruin, evilmike_swamp_ruin_rubble_2,
          evilmike_swamp_ruin_house_5, evilmike_swamp_ruin_rubble_1
Swamp:2:  layout_basic_swamp, hangedman_swamp_ruin_hall,
          infiniplex_staircase_pool
Swamp:3:  layout_basic_swamp, ebering_ghost_rock_garden,
          evilmike_swamp_ruin_house_4, swamp_pool2
Swamp:4:  swamp_icy, layout_basic_swamp, hangedman_swamp_blocks
Snake:1:  layout_grid_maze, uniq_aizul
Snake:2:  layout_onion, basic_altar, uniq_vashnia
Snake:3:  layout_chambers, serial_shops, shop, minmay_shop_grove
Snake:4:  grunt_snake_rune_serpentine_throne, layout_chambers, uniq_nikola
Slime:1:  layout_caves, nicolae_slime_phagocytosis
Orc:1:    dreamdust_dug_too_deep, layout_caves
Orc:2:    st_orc_town, layout_diamond_mine, basic_altar, uniq_donald
Elf:1:    layout_loops_cross, kennysheep_underground_church,
          amcnicky_mini_pool_small, nicolae_elf_free_trip_to_the_abyss
Elf:2:    nicolae_elf_blades_splatter_lattice
          [nicolae_blade_entry_sentries_behind_glass], layout_loops_cross,
          nicolae_elf_big_sculpture_3, onia_ninara_cookie, uniq_azrael
Elf:3:    minmay_elf_hall_hex, layout_rooms, hangedman_elf_disciples
Vaults:1: ebering_ghost_gozag, hangedman_vaults_slice, hangedman_vaults_snaps,
          vaults_room_grunt_arrival_ludios, hangedman_vaults_pinch,
          ontoclasm_vaults_chip, vaults_room_door_hall, ontoclasm_vaults_twist,
          v_alt_pattern_1, vaults_dpeg_diagonal, layout_vaults_omnigrid,
          serial_shops, shop_statue, shop
Vaults:2: dpeg_vaults_monster_row, v_misc_26, v_misc_16,
          nicolae_vaults_network_s, nicolae_vaults_hallways_thing,
          vaults_room_boxed, vaults_room_ringed_pool, ontoclasm_vaults_ligature,
          v_misc_29, v_misc_33, nicolae_vaults_shelves_hall,
          layout_vaults_omnibox, uniq_zenata, uniq_bai_suzhen
Vaults:3: grunt_vaults_trifunnel, v_alt_pattern_6, v_pattern_5, v_misc_28,
          grunt_vaults_diagonal, minmay_crypt_entry_necro_gods, v_rooms_5,
          grunt_vaults_focal, nicolae_vaults_circle_grid_a, v_misc_29,
          layout_vaults_big_room, uniq_jory
Vaults:4: v_alt_pattern_6, nicolae_vaults_network_quinsquares
          [nicolae_vaults_network_quincunx_subvault,
          nicolae_vaults_network_quincunx_subvault,
          nicolae_vaults_network_quincunx_subvault,
          nicolae_vaults_network_quincunx_subvault], v_alt_pattern_2,
          ontoclasm_vaults_ring_small, nicolae_vaults_network_quincunx
          [nicolae_vaults_network_quincunx_subvault,
          nicolae_vaults_network_quincunx_subvault,
          nicolae_vaults_network_quincunx_subvault,
          nicolae_vaults_network_quincunx_subvault,
          nicolae_vaults_network_quincunx_subvault], vaults_dpeg_cross,
          vaults_room_grid, nicolae_vaults_what_the_h,
          vaults_mumra_minichess_inversion, nicolae_vaults_angled_halls,
          vaults_room_pool, layout_vaults_maze_bifur, serial_shops,
          nicolae_shop_stone
Vaults:5: serial_shops, uniq_mennas
Crypt:1:  layout_gridlike
Crypt:2:  layout_catacombs, nicolae_crypt_ancient_font, uniq_grunn,
          uniq_josephina
Crypt:3:  church_of_pain_bobbens, layout_chaotic_city,
          nicolae_tomb_entry_unfolded_pyramid_orthogonal, minicrypt_bobbens
Tomb:1
Tomb:2
Depths:1: minmay_broken_ring, layout_basic, enter_ziggurat_e, serial_shops,
          bzr_entry_customers, nicolae_ru_sacrificial_ziggurat, abyss_entry,
          grunt_hell_horde, rand_demon_pan_entry_1, minmay_misc_feat_ornament,
          nicolae_concentric_dashed_squares_wild, nicolae_diode_basic
Depths:2: minmay_chopped_fan, layout_honeycomb, minmay_parallelograms,
          pf_coc_iceberg, pan_entry, minmay_multi_spiral
Depths:3: hourglass_vault, layout_cave_shapes, evilmike_ruin_ashenzari,
          marbit_kobold_abyss_entry, grunt_hell_entry_dis_old,
          infiniplex_staircase_pool_2, uniq_mara, uniq_xtahua

Skill      XL: |  1  2  3  4  5  6  7  8  9 10 11 12 13 14 15 16 17 18 19 20 21 22 23 24 25 26 |
---------------+-------------------------------------------------------------------------------+-----
Long Blades    | 2 3 4 5 6 7 10 12 13 16 19 22 23 25 27 | 27.0
Dodging        | 2 5 7 12 15 16 19 21 24 | 24.1
Spellcasting   | 7 10 13 14 15 | 15.0
Fighting       | 8 9 12 14 16 | 16.0
Armour         | 4 6 |  6.0
Translocations | 6 9 |  9.0
Throwing       | |  0.8
Shields        | |  0.7

Action                     |  1- 3 |  4- 6 |  7- 9 | 10-12 | 13-15 | 16-18 | 19-21 | 22-24 | 25-27 || total
---------------------------+-------+-------+-------+-------+-------+-------+-------+-------+-------++-------
  Melee: Falchion          |   104 |     1 |       |       |       |       |       |       |       ||   105
         Bite              |    18 |    67 |   113 |   156 |   378 |   654 |  1078 |  1354 |  1093 ||  4911
         Punch             |     1 |     2 |     8 |     6 |    17 |    29 |     9 |       |    22 ||    94
         Short sword       |       |   251 |   119 |       |       |       |       |       |       ||   370
         Demon blade       |       |       |   188 |   449 |   754 |  1629 |   682 |   106 |   922 ||  4730
         Quick blade       |       |       |       |       |    79 |       |       |       |       ||    79
         Scimitar          |       |       |       |       |    42 |    18 |       |       |       ||    60
         Dagger            |       |       |       |       |       |     7 |       |       |       ||     7
         Pair of quick bla |       |       |       |       |       |       |  1324 |  2195 |   908 ||  4427
         Unarmed           |       |       |       |       |       |       |       |     1 |       ||     1
   Fire: Arbalest          |       |     1 |       |       |       |       |       |       |       ||     1
  Throw: Dart              |       |       |     1 |     1 |       |       |       |       |       ||     2
         Throwing net      |       |       |     1 |       |       |       |       |       |       ||     1
   Cast: Blink             |       |     1 |       |     3 |     1 |     1 |     2 |       |       ||     8
         Vhi's Electric Ch |       |       |       |     4 |     4 |   107 |    40 |     7 |     2 ||   164
         Manifold Assault  |       |       |       |       |     1 |     1 |       |       |       ||     2
         Dazzling Flash    |       |       |       |       |       |     1 |       |       |       ||     1
 Invoke: Serpent's Lash    |       |       |       |       |     4 |     9 |     6 |     6 |     4 ||    29
         Heavenly Storm    |       |       |       |       |       |       |       |     2 |       ||     2
Ability: Lunge             |       |       |    14 |    22 |    27 |    72 |    87 |   129 |    84 ||   435
         Whirlwind         |       |       |       |    37 |    74 |    96 |   158 |   258 |   257 ||   880
         Wall Jump         |       |       |       |     2 |    17 |    12 |    18 |    19 |    11 ||    79
  Evoke: Wand              |       |     1 |       |     2 |     1 |     2 |       |       |       ||     6
    Use: Potion            |     1 |       |       |     1 |     1 |     2 |     2 |     1 |     1 ||     9
         Scroll            |       |     2 |    10 |    16 |    10 |    15 |     5 |     4 |    11 ||    73
   Stab: Sleeping          |     1 |     2 |     1 |     1 |       |     8 |     6 |    14 |     8 ||    41
         Distracted        |       |       |       |       |     1 |     4 |     9 |     3 |     6 ||    23
         Invisible         |       |       |       |       |       |     3 |       |       |       ||     3
 Armour: Leather armour    |    35 |    57 |    42 |    11 |       |       |       |       |       ||   145
         Steam dragon scal |       |       |       |    18 |       |       |       |       |       ||    18
         Troll leather arm |       |       |       |    27 |   154 |   197 |   237 |    37 |       ||   652
         Ice dragon scales |       |       |       |       |       |       |       |   266 |   266 ||   532
  Dodge: Dodged            |    75 |   131 |   181 |   255 |   368 |   996 |  1034 |   990 |  1198 ||  5228
  Block: Other             |       |       |    30 |    96 |   124 |    41 |       |       |       ||   291
         Reflection        |       |       |     2 |    16 |     1 |       |       |       |       ||    19

Table legend: (Time is in decaauts)
 A = Elapsed time spent in this place.
 B = Non-inter-level travel time spent in this place.
 C = Inter-level travel time spent in this place.
 D = Time resting spent in this place.
 E = Time spent auto-exploring this place.
 F = Levels seen in this place.
 G = Mean time per level.
                   A        B        C        D        E       F      G
               +--------+--------+--------+--------+--------+-----+--------+
         Total |  55871 |  50990 |   4881 |   9341 |  27442 |  54 | 1034.6 |
       Dungeon |  16560 |  14380 |   2180 |   1166 |   9257 |  15 | 1104.0 |
        Temple |    174 |    145 |     29 |      0 |    130 |   1 |  174.0 |
          Lair |   5679 |   5021 |    658 |    435 |   3271 |   5 | 1135.8 |
         Swamp |   2409 |   2250 |    159 |      2 |   1549 |   4 |  602.2 |
     Snake Pit |   5878 |   5350 |    528 |   1378 |   2754 |   4 | 1469.5 |
    Slime Pits |     37 |     37 |      0 |      0 |      0 |   1 |   37.0 |
  Orcish Mines |   1506 |   1365 |    141 |      0 |    892 |   2 |  753.0 |
   Elven Halls |   8019 |   7696 |    323 |   4548 |   1270 |   3 | 2673.0 |
        Vaults |   6670 |   6152 |    518 |    721 |   3862 |   5 | 1334.0 |
         Crypt |   3684 |   3546 |    138 |    590 |   1820 |   3 | 1228.0 |
          Tomb |    885 |    885 |      0 |     46 |    560 |   2 |  442.5 |
        Depths |   2743 |   2537 |    206 |    288 |   1455 |   3 |  914.3 |
         Abyss |    236 |    236 |      0 |     10 |    131 |   2 |  118.0 |
        Bazaar |    113 |    113 |      0 |      0 |    105 |   1 |  113.0 |
        Bailey |    727 |    727 |      0 |     47 |    239 |   1 |  727.0 |
      Ice Cave |    221 |    221 |      0 |     88 |     13 |   1 |  221.0 |
       Volcano |    324 |    324 |      0 |     20 |    133 |   1 |  324.0 |
               +--------+--------+--------+--------+--------+-----+--------+

Top non-repeatable levels by time:
   Elf:3: 5106 daAuts
   Elf:2: 1992 daAuts
Vaults:4: 1757 daAuts
 Snake:1: 1714 daAuts
  Lair:5: 1634 daAuts
     D:8: 1564 daAuts
 Snake:4: 1562 daAuts
     D:9: 1532 daAuts
    D:11: 1523 daAuts
 Crypt:3: 1520 daAuts
Depths:1: 1481 daAuts
 Snake:2: 1472 daAuts
     D:7: 1374 daAuts
Vaults:2: 1355 daAuts
Vaults:5: 1294 daAuts
